 Dungeon Crawl Stone Soup version 0.22-a0-3-g4fa69d9 (webtiles) character file.

54 kibaces the Shield-Bearer (level 3, 0/19 HPs)
             Began as a Vine Stalker Fighter on Jan 2, 2018.
             Slain by a gnoll
             ... wielding a +0 whip
              (4 damage)
             ... on level 2 of the Dungeon.
             The game lasted 00:03:08 (1383 turns).

kibaces the Shield-Bearer (Vine Stalker Fighter)    Turns: 1383, Time: 00:03:09

Health: 0/19       AC:  6    Str: 23    XL:     3   Next: 91%
Magic:  0/5        EV:  7    Int:  8    God:
Gold:   48         SH:  9    Dex: 14    Spells: 3/3 levels left

rFire    . . .     SeeInvis .   a - +0 long sword
rCold    . . .     Gourm    .   c - +0 shield
rNeg     . . .     Faith    .   b - +0 scale mail
rPois    .         Spirit   +   (no helmet)
rElec    .         Reflect  .   (no cloak)
rCorr    .         Harm     .   (no gloves)
MR       .....                  (no boots)
Stlth    ..........             (no amulet)
HPRegen  0.06/turn              (no ring)
MPRegen  0.09/turn              (no ring)

@: mighty
A: fangs 2, magic shield, antimagic bite, no potion heal 3, rot immunity
a: no special abilities


You were on level 2 of the Dungeon.
You were hungry.

You visited 1 branch of the dungeon, and saw 2 of its levels.

You collected 48 gold pieces.

Inventory:

Hand Weapons
 a - a +0 long sword (weapon)
Missiles
 e - 3 javelins (quivered)
Armour
 b - a +0 scale mail (worn)
 c - a +0 shield (worn)
Jewellery
 n - a +2 ring of strength {unknown}
Scrolls
 g - a scroll of identify {unknown}
 h - a scroll of magic mapping {unknown}
 j - 2 scrolls of fear {unknown}
 k - 2 scrolls of amnesia {unknown}
 l - a scroll of blinking {unknown}
Potions
 i - a potion of resistance {unknown}
 m - a potion of invisibility {unknown}
Comestibles
 f - 3 rations


   Skills:
 + Level 2.9 Fighting
 * Level 2.4 Long Blades
 + Level 2.6 Armour
 + Level 0.7 Dodging
 * Level 3.1 Shields
 + Level 0.8 Spellcasting


You had 3 spell levels left.
You didn't know any spells.

Dungeon Overview and Level Annotations

Branches:
Dungeon (2/15)

Altars:


Innate Abilities, Weirdness & Mutations

You have extremely sharp teeth.
When hurt, damage is shared between your health and your magic reserves.
Your bite disrupts and absorbs the magic of your enemies.
Potions cannot restore your health.
You are immune to rotting.


Message History

You slash the gnoll!
You kill the gnoll!
You block the gnoll's attack. The gnoll hits you but does no damage.
Things that are here:
a flail; a gnoll corpse You hit the gnoll.
Your bite misses the gnoll.
The gnoll is lightly wounded.
The gnoll hits you with a halberd!
Your shield prevents you from hitting the gnoll.
Your bite misses the gnoll.
The gnoll is lightly wounded.
The gnoll hits you with a halberd!
* * * LOW HITPOINT WARNING * * *
You slash the gnoll!
You kill the gnoll!
You are feeling hungry.
You hit the gnoll but do no damage. Your bite misses the gnoll.
The gnoll hits you with a whip.
You die...

.#
#.#..........#
.#
#.#..........#
.............#
#.##.........#
#. #########.#
#.# #.#
########.#
#...gg@..#
#.########


You could see 2 gnolls.

Vanquished Creatures
  2 gnolls (D:2)
  2 adders (D:2)
  A dart slug (D:1)
  A leopard gecko (D:2)
  A giant cockroach (D:1)
  2 hobgoblins (D:1)
  5 bats
  A goblin (D:1)
  2 kobolds
  A rat (D:2)
18 creatures vanquished.

Notes
Turn   | Place    | Note
-------+----------+-------------------------------------------
     0 | D:1      | kibaces the Vine Stalker Fighter began the quest for the Orb.
     0 | D:1      | Reached XP level 1. HP: 11/11 MP: 2/2
   423 | D:1      | You fall through a shaft!
   443 | D:2      | Reached XP level 2. HP: 16/16 MP: 3/3
   609 | D:2      | Reached skill level 3 in Shields
   609 | D:2      | Reached XP level 3. HP: 19/19 MP: 4/4
  1383 | D:2      | Slain by a gnoll

Vault maps used:
D:1:      dpeg_arrival_circle_labyrinth_c, serial_bayou_ford_a
D:2:      first_ration

Skill      XL: |  1  2 |
---------------+-------+-----
Long Blades    | 2 |  2.4
Shields        | 3 |  3.1
Fighting       | |  2.9
Armour         | |  2.6
Dodging        | |  0.7
Spellcasting   | |  0.8

Action                   || total
-------------------------++-------
Melee: Long sword        ||    56
       Bite              ||    10
  Use: Potion            ||     1
  Eat: Chunk             ||     1
Armor: Scale mail        ||    24
Dodge: Dodged            ||    22
Block: Shield            ||    41
       Rpst.: Long sword ||     5

Table legend:
 A = Spawn XP
 B = Non-spawn XP
 C = Spawn XP percentage of total XP
 D = Spawn monster count
 E = Non-spawn monster count
 F = Spawn count percentage of total count
 G = Total turns spent on level
                    A         B        C        D         E        F      G
               +---------+---------+-------+---------+---------+-------+---------
         Total |       0 |      78 |   0.0 |       0 |      18 |   0.0 |  1383
               +---------+---------+-------+---------+---------+-------+---------
           D:1 |       0 |      14 |   0.0 |       0 |       8 |   0.0 |  1077
           D:2 |       0 |      64 |   0.0 |       0 |      10 |   0.0 |   306
               +---------+---------+-------+---------+---------+-------+---------
